SAAA
VERMONT LAKE MONSTERS @ ROYSE CITY TARGARYENS
09/13/2033
 
TOP OF THE 1ST
Vermont Lake Monsters batting - Pitching for Royse City Targaryens : LHP Doug Freeth
Pitching: LHP Doug Freeth
Batting: LHB Katsunan Taketo 0-0: Ball
1-0: Called Strike
1-1: Ball
2-1: Fly out, F4 (Line Drive, 4M)
Batting: RHB Hsi-men King 0-0: Ball
1-0: Ball
2-0: Fly out, F8 (Flyball, 8LD)
Batting: RHB Ricardo Téllez 0-0: Called Strike
0-1: Ball
1-1: Ball
2-1: Ball
3-1: Base on Balls
Batting: RHB Bobson Dugnutt 0-0: Ball
1-0: Foul Ball, location: 2F
1-1: Reached on error, E6 (Groundball, 6M)
Ricardo Téllez to second
Batting: RHB Ramón Soto 0-0: Called Strike
0-1: Ball
1-1: Ball
2-1: Called Strike
2-2: Strikes out swinging
Top of the 1st over - 0 runs, 0 hits, 1 error, 2 left on base; Vermont 0 - Royse City 0
BOTTOM OF THE 1ST
Royse City Targaryens batting - Pitching for Vermont Lake Monsters : RHP Naozane Kobayashi
Pitching: RHP Naozane Kobayashi
Batting: SHB Miguel Herrera 0-0: Ground out 4-3 (Groundball, 4)
Batting: RHB IV Seacat 0-0: Swinging Strike
0-1: Ball
1-1: Called Strike
1-2: Ball
2-2: Foul Ball, location: 2F
2-2: Foul Ball, location: 2F
2-2: Foul Ball, location: 2F
2-2: Fly out, F7 (Flyball, 7S)
Batting: LHB Jayden Laming 0-0: Swinging Strike
0-1: SINGLE (Line Drive, 56)
Batting: SHB Barney Heise 0-0: Ball
1-0: Foul Ball, location: 2F
1-1: Ball
Jayden Laming steals 2nd base
2-1: Foul Ball, location: 2F
2-2: Ball
3-2: Foul Ball, location: 2F
3-2: Base on Balls
Batting: RHB Cristo Cuervo 0-0: Ball
1-0: Fly out, F7 (Flyball, 7)
Bottom of the 1st over - 0 runs, 1 hit, 0 errors, 2 left on base; Vermont 0 - Royse City 0
TOP OF THE 2ND
Vermont Lake Monsters batting - Pitching for Royse City Targaryens : LHP Doug Freeth
Batting: RHB Cosmo Castanhedo 0-0: Fly out, F8 (Flyball, 8LXD)
Batting: RHB Hou Kong 0-0: Foul Ball, location: 2F
0-1: Ball
1-1: Ball
2-1: Ball
3-1: Base on Balls
Batting: LHB Tullu Amaad 0-0: Ball
1-0: Foul Ball, location: 2F
1-1: Ball
Wild Pitch!
Hou Kong to second
2-1: Ball
3-1: Fly out, F6 (Flyball, 56D)
Batting: RHB Gabe Cain 0-0: Ground out 5-3 (Groundball, 56S)
Top of the 2nd over - 0 runs, 0 hits, 0 errors, 1 left on base; Vermont 0 - Royse City 0
BOTTOM OF THE 2ND
Royse City Targaryens batting - Pitching for Vermont Lake Monsters : RHP Naozane Kobayashi
Batting: RHB Craig Greene 0-0: Ball
1-0: Called Strike
1-1: Foul Ball, location: 2F
1-2: Foul Ball, location: 2F
1-2: Strikes out swinging
Batting: LHB Denis Jerningham 0-0: SINGLE (Groundball, 34D)
Batting: LHB Jonathan Gunner 0-0: Called Strike
0-1: Foul Ball, location: 2F
0-2: Strikes out swinging
Batting: LHB Joe Karnowski 0-0: Ground out 3-1 (Groundball, 34S)
Bottom of the 2nd over - 0 runs, 1 hit, 0 errors, 1 left on base; Vermont 0 - Royse City 0
TOP OF THE 3RD
Vermont Lake Monsters batting - Pitching for Royse City Targaryens : LHP Doug Freeth
Batting: LHB Katsunan Taketo 0-0: Ball
1-0: Called Strike
1-1: Foul Ball, location: 2F
1-2: Ball
2-2: Ground out 4-3 (Groundball, 4)
Batting: RHB Hsi-men King 0-0: Ball
1-0: Ball
2-0: Ball
3-0: Base on Balls
Batting: RHB Ricardo Téllez 0-0: SINGLE (Line Drive, 78S)
Hsi-men King to second
Batting: RHB Bobson Dugnutt 0-0: Called Strike
0-1: Ball
1-1: Ball
2-1: Foul Ball, location: 2F
2-2: TRIPLE (Flyball, 78D)
Hsi-men King scores
Ricardo Téllez scores
Batting: RHB Ramón Soto 0-0: Ball
1-0: Called Strike
1-1: Called Strike
1-2: Foul Ball, location: 2F
1-2: Strikes out swinging
Batting: RHB Cosmo Castanhedo 0-0: Ground out U3 (Groundball, 34S)
Top of the 3rd over - 2 runs, 2 hits, 0 errors, 1 left on base; Vermont 2 - Royse City 0
BOTTOM OF THE 3RD
Royse City Targaryens batting - Pitching for Vermont Lake Monsters : RHP Naozane Kobayashi
Batting: SHB Miguel Herrera 0-0: Ball
1-0: Ball
2-0: Foul Ball, location: 2F
2-1: Ground out 6-3 (Groundball, 6)
Batting: RHB IV Seacat 0-0: Called Strike
0-1: Ball
1-1: Ground out 5-3 (Groundball, 5)
Batting: LHB Jayden Laming 0-0: Called Strike
0-1: Ball
1-1: Called Strike
1-2: SINGLE (Groundball, 56S) (infield hit)
Batting: SHB Barney Heise 0-0: Ball
1-0: Foul Ball, location: 2F
1-1: Ball
2-1: Ball
3-1: Base on Balls
Jayden Laming to second
Batting: RHB Cristo Cuervo 0-0: Ball
1-0: Ball
2-0: Called Strike
2-1: Fly out, F7 (Flyball, 7)
Bottom of the 3rd over - 0 runs, 1 hit, 0 errors, 2 left on base; Vermont 2 - Royse City 0
TOP OF THE 4TH
Vermont Lake Monsters batting - Pitching for Royse City Targaryens : LHP Doug Freeth
Batting: RHB Hou Kong 0-0: Foul Ball, location: 2F
0-1: Swinging Strike
0-2: Foul Ball, location: 2F
0-2: Fly out, F7 (Line Drive, 7LD)
Batting: LHB Tullu Amaad 0-0: Ball
1-0: SINGLE (Groundball, 4D)
Batting: RHB Gabe Cain 0-0: Ball
1-0: Ball
2-0: Grounds into double play, 4-6-3 (Groundball, 4)
Top of the 4th over - 0 runs, 1 hit, 0 errors, 0 left on base; Vermont 2 - Royse City 0
BOTTOM OF THE 4TH
Royse City Targaryens batting - Pitching for Vermont Lake Monsters : RHP Naozane Kobayashi
Batting: RHB Craig Greene 0-0: Called Strike
0-1: Foul Ball, location: 2F
0-2: Foul Ball, location: 2F
0-2: Strikes out looking
Batting: LHB Denis Jerningham 0-0: Ground out 6-3 (Groundball, 6)
Batting: LHB Jonathan Gunner 0-0: Ball
1-0: Ball
2-0: Ball
3-0: Called Strike
3-1: Called Strike
3-2: SINGLE (Line Drive, 9LS)
Batting: LHB Joe Karnowski 0-0: Called Strike
0-1: Ball
1-1: Ball
2-1: Foul Ball, location: 2F
2-2: Foul Ball, location: 2F
2-2: Ball
3-2: Ground out 6-3 (Groundball, 6M)
Bottom of the 4th over - 0 runs, 1 hit, 0 errors, 1 left on base; Vermont 2 - Royse City 0
TOP OF THE 5TH
Vermont Lake Monsters batting - Pitching for Royse City Targaryens : LHP Doug Freeth
Batting: LHB Katsunan Taketo 0-0: Ball
1-0: Foul Ball, location: 2F
1-1: Called Strike
1-2: Foul Ball, location: 2F
1-2: Ball
2-2: Strikes out swinging
Batting: RHB Hsi-men King 0-0: Ball
1-0: Foul Ball, location: 2F
1-1: Swinging Strike
1-2: Ball
2-2: DOUBLE (Flyball, 78XD)
Batting: RHB Ricardo Téllez 0-0: Called Strike
0-1: Foul Ball, location: 2F
0-2: Ball
1-2: Foul Ball, location: 2F
1-2: Foul Ball, location: 2F
1-2: Ball
2-2: Foul Ball, location: 2F
2-2: Strikes out swinging
Batting: RHB Bobson Dugnutt 0-0: SINGLE (Groundball, 56D)
Hsi-men King to third
Runner from 3rd tries for Home, SAFE, no throw
Batting: RHB Ramón Soto 0-0: Called Strike
0-1: SINGLE (Line Drive, 7S)
Bobson Dugnutt to second
Batting: RHB Cosmo Castanhedo 0-0: Ball
1-0: Swinging Strike
1-1: Ball
2-1: Ball
3-1: Called Strike
3-2: Fly out, F8 (Line Drive, 8RM)
Top of the 5th over - 1 run, 3 hits, 0 errors, 2 left on base; Vermont 3 - Royse City 0
BOTTOM OF THE 5TH
Royse City Targaryens batting - Pitching for Vermont Lake Monsters : RHP Naozane Kobayashi
Batting: SHB Miguel Herrera 0-0: Ball
1-0: Ball
2-0: Foul Ball, location: 2F
2-1: Ground out 2-3 (Groundball, 2R)
Batting: RHB IV Seacat 0-0: Ball
1-0: Called Strike
1-1: Ball
2-1: Foul Ball, location: 2F
2-2: Foul Ball, location: 2F
2-2: Ball
3-2: Fly out, F9 (Flyball, 9)
Batting: LHB Jayden Laming 0-0: Ball
1-0: Ball
2-0: Ball
3-0: SINGLE (Groundball, 4D)
Batting: SHB Barney Heise 0-0: Ball
1-0: Ball
2-0: Ball
3-0: Base on Balls
Jayden Laming to second
Batting: RHB Cristo Cuervo 0-0: Fielders Choice at 2nd, 6-4 (Groundball, 6)
Bottom of the 5th over - 0 runs, 1 hit, 0 errors, 2 left on base; Vermont 3 - Royse City 0
TOP OF THE 6TH
Vermont Lake Monsters batting - Pitching for Royse City Targaryens : LHP Doug Freeth
Batting: RHB Hou Kong 0-0: Ball
1-0: Called Strike
1-1: DOUBLE (Line Drive, 8LD)
Batting: LHB Tullu Amaad 0-0: Ball
1-0: Single, Error in OF, E9, batter to second base
Hou Kong scores
Batting: RHB Gabe Cain 0-0: Ball
1-0: Bunt missed!
1-1: Sac Bunt - play at first, batter OUT! 1-4
Tullu Amaad to third
Batting: LHB Katsunan Taketo 0-0: Ball
1-0: Ball
2-0: Called Strike
2-1: SINGLE (Groundball, 4M)
Tullu Amaad scores
Batting: RHB Hsi-men King 0-0: Ball
1-0: Ball
2-0: Ball
3-0: Called Strike
3-1: Base on Balls
Katsunan Taketo to second
Pitching: RHP Pak Dong Hyeon
Batting: RHB Ricardo Téllez 0-0: Grounds into double play, 6-4-3 (Groundball, 6M)
Top of the 6th over - 2 runs, 3 hits, 1 error, 1 left on base; Vermont 5 - Royse City 0
BOTTOM OF THE 6TH
Royse City Targaryens batting - Pitching for Vermont Lake Monsters : RHP Naozane Kobayashi
Batting: RHB Craig Greene 0-0: Ball
1-0: Ground out 4-3 (Groundball, 34)
Batting: LHB Denis Jerningham 0-0: Ground out 4-3 (Groundball, 4)
Batting: LHB Jonathan Gunner 0-0: Ball
1-0: Called Strike
1-1: Ball
2-1: Ball
3-1: Foul Ball, location: 2F
3-2: SINGLE (Line Drive, 6MD)
Batting: LHB Joe Karnowski 0-0: Called Strike
0-1: Fly out, F9 (Flyball, 9)
Bottom of the 6th over - 0 runs, 1 hit, 0 errors, 1 left on base; Vermont 5 - Royse City 0
TOP OF THE 7TH
Vermont Lake Monsters batting - Pitching for Royse City Targaryens : RHP Pak Dong Hyeon
Batting: RHB Bobson Dugnutt 0-0: Called Strike
0-1: Foul Ball, location: 2F
0-2: Strikes out swinging
Batting: RHB Ramón Soto 0-0: Foul Ball, location: 2F
0-1: Swinging Strike
0-2: Ball
1-2: Foul Ball, location: 2F
1-2: SINGLE (Groundball, 6D)
Batting: RHB Cosmo Castanhedo 0-0: Ball
Ramón Soto steals 2nd base
1-0: Ball
2-0: Called Strike
2-1: Foul Ball, location: 2F
2-2: Foul Ball, location: 2F
2-2: Foul Ball, location: 2F
2-2: Foul Ball, location: 2F
2-2: Foul Ball, location: 2F
2-2: Foul Ball, location: 2F
2-2: Ground out 1-3 (Groundball, 13S)
Ramón Soto to third
Batting: RHB Hou Kong 0-0: Called Strike
0-1: Swinging Strike
0-2: Strikes out swinging
Top of the 7th over - 0 runs, 1 hit, 0 errors, 1 left on base; Vermont 5 - Royse City 0
BOTTOM OF THE 7TH
Royse City Targaryens batting - Pitching for Vermont Lake Monsters : RHP Naozane Kobayashi
Batting: SHB Miguel Herrera 0-0: Called Strike
0-1: Ball
1-1: Ball
2-1: Fly out, F9 (Line Drive, 9D)
Batting: RHB IV Seacat 0-0: Foul Ball, location: 2F
0-1: Ground out U3 (Groundball, 3)
Batting: LHB Jayden Laming 0-0: Foul Ball, location: 2F
0-1: Swinging Strike
0-2: Ball
1-2: Ball
2-2: SINGLE (Flyball, 89S)
Batting: SHB Barney Heise 0-0: Called Strike
Jayden Laming steals 2nd base
0-1: Ball
1-1: Called Strike
1-2: Ball
2-2: Ball
3-2: Strikes out swinging
Bottom of the 7th over - 0 runs, 1 hit, 0 errors, 1 left on base; Vermont 5 - Royse City 0
TOP OF THE 8TH
Vermont Lake Monsters batting - Pitching for Royse City Targaryens : RHP Pak Dong Hyeon
Batting: LHB Tullu Amaad 0-0: Ball
1-0: Called Strike
1-1: Called Strike
1-2: Ball
2-2: Ball
3-2: Base on Balls
Batting: RHB Gabe Cain 0-0: Swinging Strike
0-1: Ball
1-1: Foul Ball, location: 2F
1-2: Foul Ball, location: 2F
1-2: Fielders Choice at 2nd, 4-6 (Groundball, 4)
Batting: LHB Katsunan Taketo 0-0: Ball
1-0: Ball
2-0: SINGLE (Line Drive, 5D)
Gabe Cain to second
Batting: RHB Hsi-men King 0-0: Ball
1-0: Foul Ball, location: 2F
1-1: SINGLE (Line Drive, 56D)
Gabe Cain to third
Katsunan Taketo to second
Batting: RHB Ricardo Téllez 0-0: Ball
1-0: Called Strike
1-1: Foul Ball, location: 2F
1-2: Fly out, F7 (Line Drive, 7D)
Runner from 3rd tags up, SCORES, no throw
Batting: RHB Bobson Dugnutt 0-0: Foul Ball, location: 2F
0-1: Ball
1-1: Foul Ball, location: 2F
1-2: Strikes out looking
Top of the 8th over - 1 run, 2 hits, 0 errors, 2 left on base; Vermont 6 - Royse City 0
BOTTOM OF THE 8TH
Royse City Targaryens batting - Pitching for Vermont Lake Monsters : RHP Naozane Kobayashi
Pitching: RHP Don Cantrell
Now at 3B: David Sánchez
Batting: RHB Cristo Cuervo 0-0: Called Strike
0-1: Fly out, F8 (Line Drive, 8LD)
Batting: RHB Craig Greene 0-0: Called Strike
0-1: Fly out, F8 (Flyball, 8RD)
Batting: LHB Denis Jerningham 0-0: Ball
1-0: Called Strike
1-1: Ground out 3-1 (Groundball, 34)
Bottom of the 8th over - 0 runs, 0 hits, 0 errors, 0 left on base; Vermont 6 - Royse City 0
TOP OF THE 9TH
Vermont Lake Monsters batting - Pitching for Royse City Targaryens : RHP Pak Dong Hyeon
Batting: RHB Ramón Soto 0-0: Swinging Strike
0-1: Foul Ball, location: 2F
0-2: Strikes out looking
Batting: RHB Cosmo Castanhedo 0-0: Called Strike
0-1: Ball
1-1: Foul Ball, location: 2F
1-2: Fly out, F8 (Flyball, 89M)
Batting: RHB Hou Kong 0-0: Foul Ball, location: 2F
0-1: Ball
1-1: Called Strike
1-2: Ball
2-2: Ball
3-2: Foul Ball, location: 2F
3-2: Base on Balls
Batting: LHB Tullu Amaad 0-0: Ground out 4-3 (Groundball, 4)
Top of the 9th over - 0 runs, 0 hits, 0 errors, 1 left on base; Vermont 6 - Royse City 0
BOTTOM OF THE 9TH
Royse City Targaryens batting - Pitching for Vermont Lake Monsters : RHP Don Cantrell
Batting: LHB Jonathan Gunner 0-0: Foul Ball, location: 2F
0-1: Called Strike
0-2: Strikes out looking
Batting: LHB Joe Karnowski 0-0: Ball
1-0: Foul Ball, location: 2F
1-1: Swinging Strike
1-2: SINGLE (Line Drive, 3D)
Batting: SHB Miguel Herrera 0-0: Grounds into double play, 5-4-3 (Groundball, 5L)
Bottom of the 9th over - 0 runs, 1 hit, 0 errors, 0 left on base; Vermont 6 - Royse City 0
Saturday, December 22nd, 2018 - OOTP Baseball 18.8 Build 76